 Dungeon Crawl Stone Soup version 0.32-a0-411-g744942f433 (webtiles) character file.

Game seed: 12886964313095959864

34510 ezpacito the Fighter (level 13, -26/90 HPs)
             Began as a Demonspawn Chaos Knight on Feb 21, 2024.
             Was a Plaything of Xom.
             Annihilated by Rupert
             ... wielding a +6 great mace of protection
              (32 damage)
             ... on level 3 of the Lair of Beasts.
             The game lasted 00:31:16 (17147 turns).

ezpacito the Fighter (Demonspawn Chaos Knight)     Turns: 17147, Time: 00:31:17

Health: -26/90     AC: 35    Str: 21    XL:     13   Next: 42%
Magic:  31/34      EV: 14    Int: 20    God:    Xom [..*...]
Gold:   926        SH:  4    Dex: 17    Spells: 3/26 levels left

rFire   . . .        S - +8 frozen axe "Frostbite" {freeze, freezing cloud, *Noise Fly rC+}
rCold   + + .        (shield currently unavailable)
rNeg    . . .        I - +2 acid dragon scales
rPois   .            M - +3 hat of Pondering {ponderous, Will+ MP+10 Int+5}
rElec   .            u - +2 cloak {Stlth+}
rCorr   +            B - +0 pair of gloves
SInv    .            m - +1 pair of boots {Fly}
Will    ++...        (no amulet)
Stlth   ++++         g - +4 ring of protection
HPRegen 0.35/turn    j - +6 ring of strength
MPRegen 0.24/turn

%: no passive effects
@: about to teleport, flying, slow
A: claws 1, thin metallic scales 2, demonic guardian 2, icemail 2, condensation
shield, talons 1, agile 1, clever 1, cold resistance 1, deterioration 1, frail
1, strong-willed 1
a: Renounce Religion


You were on level 3 of the Lair of Beasts.
You worshipped Xom.
You were a toy of Xom.
You visited 3 branches of the dungeon, and saw 17 of its levels.

You collected 1158 gold pieces.
You spent 232 gold pieces at shops.

Inventory:

Hand Weapons
 a - a +0 hand axe of chaos
 b - a +1 war axe
 v - a +1 hand axe of flaming
 S - the +8 frozen axe "Frostbite" (weapon) {freeze, freezing cloud, *Noise Fly rC+}
   (You acquired it on level 1 of the Lair of Beasts)

   rC+:       It protects you from cold.
   Fly:       It grants you flight.
   *Noise:    It may make a loud noise when swung.
Missiles
 A - 32 poisoned darts (quivered)
 C - 6 boomerangs
 L - a javelin
 P - 5 atropa-tipped darts
 T - 5 curare-tipped darts
Armour
 e - a +0 helmet
 m - a +1 pair of boots of flying (worn)
 q - an orb of mayhem
 s - the +6 scale mail of the Realm of Zot {rN+}
   (You found it on level 1 of the Lair of Beasts)

   rN+:       It protects you from negative energy.
 u - a +2 cloak of stealth (worn)
 B - a +0 pair of gloves (worn)
 E - an orb of wrath
 I - +2 acid dragon scales (worn)
 K - a scarf of invisibility
 M - the +3 hat of Pondering (worn) {ponderous, Will+ MP+10 Int+5}
   (You took it off Gastronok on level 10 of the Dungeon)

   Int+5:     It affects your intelligence (+5).
   Will+:     It increases your willpower.
   MP+10:     It affects your magic capacity (+10).
 O - a +1 plate armour of fire resistance
Magical Staves
 F - a staff of death
 R - a staff of cold
Jewellery
 g - a +4 ring of protection (left hand)
 j - a +6 ring of strength (right hand)
 k - a ring of flight
 o - a +4 ring of protection
 z - a ring of protection from cold
 G - a ring of resist corrosion
 N - a +6 ring of intelligence
 Q - a ring of protection from cold
Talismans
 t - a blade talisman
Wands
 d - a wand of flame (20)
 h - a wand of roots (5)
 i - a wand of mindburst (6)
 w - a wand of charming (18)
 V - a wand of polymorph (4)
Scrolls
 f - 3 scrolls of noise
 l - 5 scrolls of teleportation
 p - 3 scrolls of immolation
 r - 5 scrolls of amnesia
 x - 3 scrolls of vulnerability
 y - 3 scrolls of fog
 J - 2 scrolls of revelation
 U - a scroll of enchant weapon
 W - 2 scrolls of identify
Potions
 c - a potion of cancellation
 n - a potion of attraction
 D - a potion of curing
 H - 2 potions of lignification
 X - a potion of resistance


   Skills:
 * Level 9.0 Fighting
 * Level 8.1 Axes
 + Level 4.6 Staves
 + Level 2.2 Throwing
 * Level 7.9 Armour
 + Level 5.2 Dodging
 + Level 5.7 Stealth
 * Level 7.7 Unarmed Combat
 * Level 7.4 Spellcasting
 + Level 4.1 Hexes
 * Level 8.1 Necromancy
 + Level 5.3 Evocations


You had 3 spell levels left.
You knew the following spells:

 Your Spells              Type           Power      Damage    Failure   Level
a - Vampiric Draining     Necr           40%        2d8       1%          3
b - Slow                  Hex            92%        N/A       1%          1
c - Gell's Gravitas       Tloc           7%         N/A       32%         3
d - Teleport Other        Tloc           7%         N/A       32%         3
e - Lesser Beckoning      Tloc           14%        N/A       17%         2
f - Confusing Touch       Hex            23%        N/A       6%          3
g - Ensorcelled Hibernat  Hex/Ice        30%        N/A       8%          2
h - Sigil of Binding      Hex            23%        N/A       6%          3
i - Fugue of the Fallen   Necr           40%        N/A       1%          3

Your spell library contained the following spells:

 Spells                   Type           Power      Damage    Failure   Level
 Passwall                 Erth           7%         N/A       32%         3
 Swiftness                Air            7%         N/A       32%         3
 Anguish                  Hex/Necr       16%        N/A       9%          4
 Animate Armour           Summ/Erth      14%        N/A       73%         4
 Summon Lightning Spire   Summ/Air       7%         N/A       73%         4
 Summon Mana Viper        Hex/Summ       15%        N/A       80%         5
 Lee's Rapid Deconstruct  Erth           3%         3d5*      97%         5
 Summon Forest            Summ/Tloc      3%         N/A       97%         5
 Summon Cactus Giant      Summ           3%         N/A       100%        6


Dungeon Overview and Level Annotations

Branches:
Dungeon (12/15)            Temple (1/1) D:7            Lair (4/5) D:9
 Shoals (0/4) Lair:3       Spider (0/4) Lair:2          Orc (0/2) D:12
  Slime: Lair:4-5

Altars:
Ashenzari
Cheibriados
Dithmenos
Fedhas
Gozag
Hepliaklqana
Kikubaaqudgha
Makhleb
Nemelex Xobeh
Okawaru
Qazlal
Ru
Sif Muna
Trog
Uskayaw
Vehumet
Wu Jian
Xom
Yredelemnul

Shops:
D:6 [

Portals:
Abyss: D:7

Annotations:
D:7 1 transporter, greenreed's ghost, novice DjSh
Lair:3 Rupert


Innate Abilities, Weirdness & Mutations

You have sharp fingernails.
You are mostly covered in thin metallic scales. (AC +3)
A demonic guardian rushes to your aid.
A meltable icy envelope protects you from harm. (AC +8)
A meltable shield of frost defends you. (SH +4)
You have sharp toenails.
You are agile. (Dex +4, Str/Int -1)
Your mind is acute. (Int +4, Str/Dex -1)
Your flesh is cold resistant. (rC+)
Your body sometimes deteriorates upon taking damage.
You are frail. (-10% HP)
You are strong-willed. (Will+)


Message History

Confirm with . or Enter, or press ? or * to list all spells.
Aiming: Slow (safe; 1% risk of failure)
Press: ? - help, Shift-Dir - straight line, f/p - Rupert
Aim: Rupert, wielding a +6 great mace of protection, wearing a +0 leather armour and quivering stones (berserk, chance to affect: 3%)
Okay, then.
Unknown command.
You slash Rupert! You freeze Rupert.
Rupert is lightly wounded.
You block Rupert's attack. Rupert hits you but does no damage.
Unknown command.
You barely miss Rupert.
You hear the crash of a glacier calving.
Rupert is lightly wounded.
Rupert misses you.
Rupert hits you with a +6 great mace of protection!!
A demonic guardian appears!
Unknown command.
You barely miss Rupert.
Rupert is lightly wounded.
Rupert hits you with a +6 great mace of protection!!
* * * LOW HITPOINT WARNING * * *
A shower of butterflies erupts from you!
Rupert closely misses you.
Rupert hits you with a +6 great mace of protection!!
* * * LOW HITPOINT WARNING * * *
As you read the scroll of teleportation, it crumbles to dust.
You feel strangely unstable.
Rupert hits you with a +6 great mace of protection.
* * * LOW HITPOINT WARNING * * *
Your soul eater hits Rupert!
Casting: Slow (safe; 1% risk of failure)
Confirm with . or Enter, or press ? or * to list all spells.
Aiming: Vampiric Draining (safe; 1% risk of failure)
Press: ? - help, Shift-Dir - straight line, f/p - Rupert
Aim: Rupert, wielding a +6 great mace of protection, wearing a +0 leather armour and quivering stones (lightly wounded, berserk, not watching you, ally target)
You draw life force from Rupert!
You feel life coursing into your body.
Rupert hits you with a +6 great mace of protection!!
You die...
Rupert roars with triumph.
Xom roars with laughter!

#.#...###.####.....#...#..#...#
###...###.#####.....#....##...#
.##....##...##.....##.....#...#
P.....'.......+...........#...##
......##.###.##.....#....##....#
###...#### ###P....###..##.....#
#........###.#.P......#.##....##
#...............@..<..........#
................@3............#
................b.............#
................b.....>.......##
.................b............P#
.#.รท..#......P.#...#.########.##
###...#####PP###..#.##..#####.#
##....###.#..###...........##.#
........#....P#............P#.#
..P...##....P##....#........P.#


You could see Rupert (berserk, ally target) and a friendly soul eater
(summoned).

Vanquished Creatures
  5 boulder beetles
  A catoblepas (D:11)
  2 two-headed ogres
  The ghost of CougarLife the Geomancer, a journeyman GrEE of Gozag (D:11)
  Sonja (Lair:3)
  A swamp dragon (D:12)
  A harpy (Lair:3)
  An ugly thing (D:7)
  2 black mambas (Lair:3)
  4 elephants (Lair:3)
  6 cane toads
  3 gargoyles
  3 unseen horrors
  Jeremiah (D:8)
  2 komodo dragons
  2 rime drakes
  A wind drake (D:11)
  3 trolls
  A hornet (D:9)
  8 blink frogs
  Grinder (D:6)
  2 shadows
  A vampire (D:12)
  A ynoxinul (D:11)
  A jumping spider (Lair:2)
  9 wyverns
  2 wraiths
  18 yaks
  Eustachio (D:5)
  A basilisk (Lair:3)
  A redback (Lair:2)
  2 vampire mosquitoes (D:12)
  A small abomination (D:7)
  2 acid dragons
  9 water moccasins
  A swamp drake (D:12)
  3 black bears
  2 ogres
  5 orc warriors
  6 wolves
  5 centaurs
  A phantom (D:6)
  9 bullfrogs
  3 kobold brigands (D:8)
  3 gnoll sergeants
  2 scorpions (D:4)
  2 wights (D:7)
  2 killer bees
  5 howler monkeys
  2 hounds
  2 bombardier beetles
  2 jellies (D:7)
  6 orc priests
  Crazy Yiuf (D:7)
  18 orc wizards
  4 iguanas
  2 sleepcaps
  3 hell rats (Lair:3)
  Robin (D:3)
  13 gnolls
  3 adders
  A shadow imp (D:7)
  A white imp (D:7)
  2 ufetubi (D:7)
  A dart slug (D:4)
  3 ribbon worms
  53 orcs
  7 ball pythons
  10 endoplasms
  6 giant cockroaches
  15 goblins
  7 hobgoblins
  7 jackals
  4 quokkas
  8 bats
  A frilled lizard (D:3)
  17 kobolds
  2 rats
352 creatures vanquished.

Vanquished Creatures (collateral kills)
  Gastronok (D:10)
  3 two-headed ogres
  An ugly thing (D:11)
  An elephant (Lair:3)
  A kobold demonologist (D:8)
  A troll (D:12)
  A blink frog (Lair:1)
  A wyvern (D:8)
  2 yaks
  Grum (D:11)
  An acid dragon (D:11)
  A sky beast (D:7)
  2 wolves (D:11)
  An ogre (D:6)
  A centaur (D:9)
  A kobold brigand (D:9)
  A bullfrog (D:7)
  An electric eel (D:8)
  A hound (D:6)
  2 orc priests (D:12)
  An iron imp (D:7)
  A hell rat (Lair:3)
  A gnoll (D:7)
  4 orcs
  An endoplasm (D:1)
  A goblin (D:1)
  A jackal (D:1)
  2 kobolds (D:9)
  A ball python (D:1)
38 creatures vanquished.

Vanquished Creatures (others)
  A death drake (D:9)
  A cane toad (Lair:1)
  3 yaks
  An orc zombie (D:9)
  An orc (D:8)
  A giant cockroach (D:11)
8 creatures vanquished.

Grand Total: 398 creatures vanquished

Notes
Turn   | Place    | Note
-------+----------+-------------------------------------------
     0 | D:1      | ezpacito the Demonspawn Chaos Knight began the quest for
                  | the Orb.
     0 | D:1      | Reached XP level 1. HP: 18/18 MP: 1/1
    83 | D:1      | Found a faded altar of an unknown god.
   102 | D:1      | Reached skill level 1 in Dodging
   102 | D:1      | Gained mutation: You are partially covered in thin metallic
                  | scales. (AC +2) [demonic ancestry]
   102 | D:1      | Reached XP level 2. HP: 24/24 MP: 2/2
   289 | D:1      | Gained mutation: A weak demonic guardian rushes to your
                  | aid. [demonic ancestry]
   289 | D:1      | Reached XP level 3. HP: 29/29 MP: 4/4
   391 | D:1      | Reached skill level 1 in Spellcasting
   537 | D:1      | Reached skill level 1 in Unarmed Combat
   836 | D:2      | XOM: divination: detect creatures
   843 | D:2      | Gained mutation: A demonic guardian rushes to your aid.
                  | [demonic ancestry]
   843 | D:2      | Reached XP level 4. HP: 20/35 MP: 5/5
   865 | D:2      | Reached skill level 1 in Stealth
  1051 | D:2      | Found a stormy altar of Qazlal.
  1432 | D:3      | Noticed Robin
  1438 | D:3      | Gained mutation: A meltable shield of frost defends you.
                  | (SH +4) [demonic ancestry]
  1438 | D:3      | Reached XP level 5. HP: 39/41 MP: 6/6
  1452 | D:3      | Killed Robin
  1684 | D:3      | Found an opulent altar of Gozag.
  1720 | D:3      | XOM: 5-stop teleportation journey
  2149 | D:3      | XOM: cloud trail
  2252 | D:3      | XOM: silly message
  2368 | D:4      | XOM: noise
  2424 | D:4      | XOM: noise
  2449 | D:4      | XOM: silly message
  2601 | D:4      | Gained mutation: A meltable icy envelope protects you from
                  | harm. (AC +8) [demonic ancestry]
  2601 | D:4      | Reached XP level 6. HP: 48/48 MP: 8/8
  2870 | D:4      | XOM: 1-stop teleportation journey
  2941 | D:4      | XOM: enchant monster (bad)
  3412 | D:5      | Entered Level 5 of the Dungeon
  3562 | D:5      | XOM: enchant monster (good)
  3573 | D:5      | Reached skill level 4 in Fighting
  3573 | D:5      | Reached skill level 1 in Evocations
  3600 | D:5      | Reached XP level 7. HP: 50/54 MP: 10/10
  3845 | D:5      | Noticed Eustachio
  3857 | D:5      | XOM: 4-stop teleportation journey
  4095 | D:5      | XOM: stat loss: -1 Str (20/21)
  4107 | D:5      | Killed Eustachio
  4234 | D:5      | XOM: noise
  4257 | D:6      | XOM: cast spell 'Iskenderun's Battlesphere'
  4260 | D:6      | XOM: silly message
  4359 | D:6      | Noticed Grinder
  4360 | D:6      | XOM: cast spell 'Animate Armour'
  4369 | D:6      | Paralysed by Grinder for 5 turns
  4376 | D:6      | Paralysed by Grinder for 5 turns
  4383 | D:6      | Paralysed by Grinder for 5 turns
  4399 | D:6      | Reached XP level 8. HP: 50/61 MP: 12/12
  4408 | D:6      | Paralysed by Grinder for 3 turns
  4410 | D:6      | XOM: divination: detect items
  4413 | D:6      | Reached skill level 1 in Necromancy
  4413 | D:6      | Killed Grinder
  4674 | D:6      | Reached skill level 1 in Staves
  4728 | D:6      | Found a sacrificial altar of Ru.
  4857 | D:6      | Reached skill level 5 in Fighting
  5305 | D:6      | XOM: silly message
  5455 | D:6      | XOM: give mutation
  5455 | D:6      | Gained mutation: Your magical capacity is low. (-10% MP)
                  | [Xom's mischief]
  5502 | D:6      | XOM: butterfly on damage
  5524 | D:6      | XOM: smoke on damage
  5527 | D:6      | Found Coenok's Antique Armour Shoppe.
  5544 | D:6      | Bought an embroidered scarf for 232 gold pieces
  5815 | D:7      | Found a runed translucent door.
  5816 | D:7      | Noticed Crazy Yiuf
  5820 | D:7      | XOM: god gift: giant spiked club {god gift}
  5828 | D:7      | Killed Crazy Yiuf
  5829 | D:7      | Gained mutation: You have sharp fingernails. [demonic
                  | ancestry]
  5829 | D:7      | Reached XP level 9. HP: 66/68 MP: 13/13
  5868 | D:7      | XOM: potion effect (brilliance)
  5887 | D:7      | XOM: summons friendly shadow imp
  5893 | D:7      | XOM: confusion (+ monsters)
  5910 | D:7      | Reached skill level 5 in Axes
  5963 | D:7      | Found a staircase to the Ecumenical Temple.
  5974 | Temple   | Entered the Ecumenical Temple
  6161 | D:7      | XOM: give mutations
  6161 | D:7      | Gained mutation: Your magical capacity is very low. (-20%
                  | MP) [Xom's mischief]
  6161 | D:7      | Gained mutation: You possess an exceptional clarity of
                  | mind. [Xom's mischief]
  6161 | D:7      | Gained mutation: Potions are less effective at restoring
                  | your health. [Xom's mischief]
  6161 | D:7      | Gained mutation: You passively map a small area around you.
                  | [Xom's mischief]
  6356 | D:7      | Learned a level 3 spell: Vampiric Draining
  6358 | D:7      | Learned a level 1 spell: Slow
  6362 | D:7      | Learned a level 3 spell: Gell's Gravitas
  6366 | D:7      | Learned a level 3 spell: Teleport Other
  6369 | D:7      | Learned a level 2 spell: Lesser Beckoning
  6373 | D:7      | Learned a level 3 spell: Confusing Touch
  6424 | D:7      | Noticed a white ugly thing
  6439 | D:7      | Found a one-way gate to the infinite horrors of the Abyss.
  6440 | D:7      | Found a transporter.
  6440 | D:7      | Found a transporter.
  6496 | D:7      | Found a sparkling altar of Nemelex Xobeh.
  6525 | D:7      | Found a shadowy altar of Dithmenos.
  6688 | D:7      | Noticed greenreed's ghost (novice DjSh)
  6753 | D:7      | Lost mutation: You possess an exceptional clarity of mind.
                  | [potion of mutation]
  6753 | D:7      | Lost mutation: You passively map a small area around you.
                  | [potion of mutation]
  6753 | D:7      | Lost mutation: Your magical capacity is very low. (-20% MP)
                  | [potion of mutation]
  6753 | D:7      | Gained mutation: You occasionally lose the ability to read
                  | scrolls when taking damage. [potion of mutation]
  6753 | D:7      | Gained mutation: You occasionally shout uncontrollably at
                  | your foes. [potion of mutation]
  6774 | D:7      | XOM: confuse monster(s)
  6779 | D:7      | Killed a brown ugly thing
  6792 | D:7      | HP: 1/69 [small abomination (15)]
  6797 | D:7      | XOM: chaos cloud
  7059 | D:8      | XOM: enchant monster (good)
  7062 | D:8      | XOM: noise
  7257 | D:8      | Reached skill level 5 in Armour
  7293 | D:8      | XOM: fake destruction
  7307 | D:8      | Reached skill level 6 in Fighting
  7307 | D:8      | Reached skill level 1 in Hexes
  7308 | D:8      | Reached XP level 10. HP: 73/76 MP: 15/15
  7522 | D:8      | Learned a level 2 spell: Ensorcelled Hibernation
  7656 | D:8      | XOM: scenery: 1 doors open
  7667 | D:8      | Noticed Jeremiah
  7670 | D:8      | XOM: summons 3 friendly demons
  7676 | D:8      | XOM: enchant monster (good)
  7684 | D:8      | Killed Jeremiah
  7693 | D:8      | Reached skill level 5 in Unarmed Combat
  7780 | D:8      | XOM: potion effect (invisibility)
  7781 | D:8      | XOM: confuse monster(s)
  7855 | D:8      | Noticed a two-headed ogre
  7872 | D:8      | Killed a two-headed ogre
  7873 | D:8      | Reached skill level 5 in Spellcasting
  8088 | D:8      | XOM: cloud trail
  8152 | D:8      | Found a shimmering altar of Xom.
  8316 | D:8      | XOM: summons 2 hostile demons
  8432 | D:8      | XOM: summons 2 hostile demons
  8456 | D:8      | XOM: silly message
  8469 | D:8      | XOM: give mutations
  8469 | D:8      | Gained mutation: You are clumsy. (Dex -2) [Xom's mischief]
  8469 | D:8      | Gained mutation: Your mind is acute. (Int +4, Str/Dex -1)
                  | [Xom's mischief]
  8469 | D:8      | Gained mutation: You are occasionally teleported next to
                  | monsters. [Xom's mischief]
  8512 | D:8      | XOM: draining
  8594 | D:8      | XOM: give mutations
  8594 | D:8      | Lost mutation: You are occasionally teleported next to
                  | monsters. [Xom's mischief]
  8594 | D:8      | Lost mutation: You are clumsy. (Dex -2) [Xom's mischief]
  8594 | D:8      | Gained mutation: You have hidden genetic defects. [Xom's
                  | mischief]
  8628 | D:9      | Noticed a gargoyle
  8650 | D:9      | Killed a gargoyle
  8651 | D:9      | Reached skill level 5 in Necromancy
  8665 | D:9      | Paralysed by a hornet for 2 turns
  8856 | D:9      | a yak changed into a death drake
  8856 | D:9      | Noticed a death drake
  8856 | D:9      | XOM: polymorph yak -> death drake
  8861 | D:9      | Killed a death drake
  8870 | D:8      | XOM: repel stairs
  8879 | D:8      | XOM: chaos cloud
  8879 | D:8      | Gained mutation: You occasionally lose the ability to drink
                  | potions when taking damage. [hidden defects]
  8891 | D:9      | XOM: noise
  8892 | D:9      | XOM: blink monster(s)
  8897 | D:9      | XOM: smoke on damage
  8904 | D:9      | Gained mutation: You are mostly covered in thin metallic
                  | scales. (AC +3) [demonic ancestry]
  8904 | D:9      | Reached XP level 11. HP: 31/83 MP: 17/17
  9062 | D:9      | Found a staircase to the Lair.
  9093 | D:9      | Gained mutation: You are clumsy. (Dex -2) [hidden defects]
  9093 | D:9      | Lost mutation: You have hidden genetic defects. [hidden
                  | defects expressed]
  9310 | D:9      | XOM: 3-stop teleportation journey
  9414 | D:9      | XOM: enchant monster (bad)
  9812 | D:9      | XOM: give mutations
  9812 | D:9      | Lost mutation: You are clumsy. (Dex -2) [Xom's mischief]
  9812 | D:9      | Lost mutation: You occasionally lose the ability to drink
                  | potions when taking damage. [Xom's mischief]
  9842 | D:9      | XOM: scenery: create altars
  9864 | D:9      | XOM: cloud trail
  9995 | D:9      | Found a basalt altar of Yredelemnul.
 10041 | D:9      | XOM: summons 1 hostile demon
 10196 | D:10     | Entered Level 10 of the Dungeon
 10315 | D:10     | XOM: summons 1 hostile demon
 10317 | D:10     | XOM: smoke on damage
 10362 | D:10     | Noticed a two-headed ogre
 10380 | D:10     | Killed a two-headed ogre
 10381 | D:10     | Reached skill level 7 in Fighting
 10386 | D:10     | Learned a level 3 spell: Sigil of Binding
 10607 | D:10     | XOM: give mutations
 10607 | D:10     | Lost mutation: You occasionally lose the ability to read
                  | scrolls when taking damage. [Xom's mischief]
 10607 | D:10     | Gained mutation: You have hidden genetic potential. [Xom's
                  | mischief]
 10607 | D:10     | Gained mutation: Your magical capacity is very low. (-20%
                  | MP) [Xom's mischief]
 10709 | D:10     | Noticed Gastronok
 10724 | D:10     | Killed Gastronok
 11051 | D:10     | XOM: scenery: 1 doors open, 1 doors close
 11082 | D:10     | XOM: 2-stop teleportation journey
 11120 | D:10     | XOM: god gift: 4 stones
 11180 | D:10     | Noticed a two-headed ogre
 11188 | D:10     | Killed a two-headed ogre
 11348 | D:10     | XOM: 4-stop teleportation journey
 11412 | D:10     | XOM: enchant monster (good)
 11569 | D:11     | Noticed a white ugly thing
 11574 | D:11     | XOM: summons friendly crimson imp
 11582 | D:11     | XOM: summons 2 friendly demons
 11589 | D:11     | XOM: fog
 11602 | D:11     | Killed a white ugly thing
 11626 | D:11     | Noticed a two-headed ogre
 11630 | D:11     | XOM: fake destruction
 11640 | D:11     | Killed a two-headed ogre
 11845 | D:11     | XOM: polymorph howler monkey -> giant cockroach
 11846 | D:11     | XOM: enchant monster (bad)
 11850 | D:11     | XOM: polymorph giant cockroach -> giant cockroach
 11855 | D:11     | XOM: give mutations
 11855 | D:11     | Lost mutation: You have hidden genetic potential. [Xom's
                  | mischief]
 11855 | D:11     | Gained mutation: Your body sometimes deteriorates upon
                  | taking damage. [Xom's mischief]
 11855 | D:11     | Gained mutation: Your flesh is heat resistant. (rF+) [Xom's
                  | mischief]
 11855 | D:11     | Gained mutation: You are vulnerable to cold. (rC-) [Xom's
                  | mischief]
 11856 | D:11     | XOM: chaos cloud
 11939 | D:11     | Found a runed translucent door.
 11941 | D:11     | Noticed CougarLife's ghost (journeyman GrEE)
 12039 | D:11     | XOM: summons 6 hostile demons
 12101 | D:11     | Noticed Grum
 12116 | D:11     | Killed Grum
 12216 | D:11     | XOM: give mutations
 12216 | D:11     | Gained mutation: You have very sharp teeth. [Xom's grace]
 12216 | D:11     | Lost mutation: You are vulnerable to cold. (rC-) [Xom's
                  | grace]
 12216 | D:11     | Gained mutation: Your flesh is cold resistant. (rC+) [Xom's
                  | grace]
 12216 | D:11     | Gained mutation: You are strong-willed. (Will+) [Xom's
                  | grace]
 12650 | D:11     | XOM: divination: detect items
 12652 | D:11     | XOM: fake destruction
 12672 | D:11     | Noticed a two-headed ogre
 12675 | D:11     | Killed a two-headed ogre
 12676 | D:11     | Gained mutation: A meltable icy envelope protects you from
                  | harm. (AC +8) [demonic ancestry]
 12676 | D:11     | Reached XP level 12. HP: 92/92 MP: 17/17
 12733 | D:11     | Noticed a catoblepas
 12740 | D:11     | Killed a catoblepas
 12912 | D:11     | XOM: god gift: book of the Wilderness
 12927 | D:11     | XOM: summons 5 hostile demons
 13081 | D:11     | XOM: give mutation
 13081 | D:11     | Gained mutation: Your natural rate of healing is unusually
                  | fast. [Xom's grace]
 13102 | D:11     | XOM: summons friendly quasit
 13113 | D:11     | Killed CougarLife's ghost
 13252 | D:12     | XOM: swap monsters
 13300 | D:12     | XOM: confusion (+ monsters)
 13305 | D:12     | XOM: confusion (+ monsters)
 13307 | D:12     | XOM: cleaving
 13308 | D:12     | Reached skill level 5 in Stealth
 13324 | D:12     | XOM: confusion
 13369 | D:12     | Found a staircase to the Orcish Mines.
 13369 | D:12     | XOM: 1-stop teleportation journey
 13375 | D:12     | XOM: summons 9 friendly demons
 13391 | D:12     | XOM: give mutations
 13391 | D:12     | Lost mutation: Your magical capacity is very low. (-20% MP)
                  | [Xom's mischief]
 13391 | D:12     | Gained mutation: You have sharp toenails. [Xom's mischief]
 13391 | D:12     | Lost mutation: Your magical capacity is low. (-10% MP)
                  | [Xom's mischief]
 13403 | D:12     | Reached skill level 8 in Fighting
 13522 | D:12     | XOM: cast spell 'Alistair's Intoxication'
 13621 | D:12     | XOM: 3-stop teleportation journey
 13865 | D:12     | Noticed a boulder beetle
 13869 | D:12     | XOM: confuse monster(s)
 13893 | D:12     | XOM: enchant monster (bad)
 13907 | D:12     | Killed a boulder beetle
 13908 | D:12     | Reached skill level 1 in Throwing
 14002 | D:12     | XOM: summons 7 hostile demons
 14197 | Lair:1   | Entered Level 1 of the Lair of Beasts
 14297 | Lair:1   | XOM: chaos cloud
 14300 | Lair:1   | XOM: enchant monster (bad)
 14393 | Lair:1   | XOM: cloud trail
 14475 | Lair:1   | XOM: confuse monster(s)
 14480 | Lair:1   | XOM: divine lightning
 14486 | Lair:1   | Identified the +6 scale mail of the Realm of Zot {rN+}
 14496 | Lair:1   | XOM: summons friendly quasit
 14550 | Lair:1   | XOM: scenery: create altars
 14578 | Lair:1   | XOM: cloud trail
 14579 | Lair:1   | Identified a scroll of acquirement
 14579 | Lair:1   | Acquired the +8 frozen axe "Frostbite" {freeze, freezing
                  | cloud, *Noise Fly rC+}
 14579 | Lair:1   | Found the +8 frozen axe "Frostbite" {freeze, freezing
                  | cloud, *Noise Fly rC+}
 14797 | Lair:1   | XOM: 3-stop teleportation journey
 14816 | Lair:1   | XOM: fake destruction
 14819 | Lair:1   | Reached skill level 5 in Dodging
 14885 | Lair:1   | XOM: polymorph komodo dragon -> killer bee
 14901 | Lair:1   | XOM: give mutation
 14901 | Lair:1   | Lost mutation: Potions are less effective at restoring your
                  | health. [Xom's mischief]
 15084 | Lair:2   | Noticed a boulder beetle
 15087 | Lair:2   | XOM: swap monsters
 15112 | Lair:2   | Noticed a boulder beetle
 15114 | Lair:2   | Killed a boulder beetle
 15115 | Lair:2   | XOM: blink monster(s)
 15118 | Lair:2   | Noticed a boulder beetle
 15119 | Lair:2   | Reached XP level 13. HP: 27/99 MP: 23/23
 15143 | Lair:2   | Reached skill level 5 in Evocations
 15286 | Lair:2   | Found a hole to the Spider Nest.
 15289 | Lair:2   | XOM: silly message
 15339 | Lair:2   | XOM: give mutations
 15339 | Lair:2   | Gained mutation: You are frail. (-10% HP) [Xom's mischief]
 15339 | Lair:2   | Lost mutation: Your flesh is heat resistant. (rF+) [Xom's
                  | mischief]
 15339 | Lair:2   | Lost mutation: Your body sometimes deteriorates upon taking
                  | damage. [Xom's mischief]
 15339 | Lair:2   | Lost mutation: Your natural rate of healing is unusually
                  | fast. [Xom's mischief]
 15370 | Lair:2   | Lost mutation: You occasionally shout uncontrollably at
                  | your foes. [potion of mutation]
 15370 | Lair:2   | Lost mutation: You have very sharp teeth. [potion of
                  | mutation]
 15370 | Lair:2   | Gained mutation: Your body sometimes deteriorates upon
                  | taking damage. [potion of mutation]
 15370 | Lair:2   | Gained mutation: You are agile. (Dex +4, Str/Int -1)
                  | [potion of mutation]
 15910 | Lair:3   | XOM: smoke on damage
 16026 | Lair:3   | XOM: noise
 16046 | Lair:3   | XOM: summons friendly ufetubus
 16097 | Lair:3   | Noticed Sonja
 16107 | Lair:3   | XOM: summons friendly shadow imp
 16108 | Lair:3   | Killed Sonja
 16118 | Lair:3   | Learned a level 3 spell: Fugue of the Fallen
 16243 | Lair:3   | Found a staircase to the Shoals.
 16306 | Lair:3   | Noticed Rupert
 16311 | Lair:3   | XOM: confuse monster(s)
 16337 | Lair:3   | Reached skill level 9 in Fighting
 17140 | Lair:3   | XOM: enchant monster (good)
 17145 | Lair:3   | XOM: butterfly on damage
 17146 | Lair:3   | HP: 2/90 [Rupert/+6 great mace of protection (4)]
 17147 | Lair:3   | Annihilated by Rupert

Illustrated notes

Levels and vault maps discovered:
D:1:      dpeg_arrival_more_subterranean_lakeside_camping, layout_basic,
          shapermc_ecumenical_altar_pompeii, minmay_cut_off
D:2:      layout_rooms, basic_altar
D:3:      layout_basic, lemuel_coloured_pillars_altar, elyvilon_altar_1,
          uniq_robin
D:4:      nicolae_cairo_tiling_large, layout_basic
D:5:      layout_loops_ring, nicolae_nh_ransacked_shop, uniq_eustachio
D:6:      layout_loops_corners, lemuel_crystal_altar, serial_shops,
          nicolae_shop_dealshenge, uniq_grinder
D:7:      layout_rooms, nemelex_dance_club_becter, lemuel_round_altar,
          temple_fountains, gammafunk_ghost_abyssal_escape, chequers_avenue,
          skrybe_limestone_x, minmay_ruined_shrine, uniq_crazy_yiuf_cottage
D:8:      layout_basic, marbit_many_paths, minivault_26, fungi_pond_lemuel,
          uniq_jeremiah
D:9:      layout_basic, kennysheep_mini, due_lair_maze_entry_diamond,
          nicolae_letterblocks [nicolae_letter_subblock,
          nicolae_letter_subblock, nicolae_letter_subblock,
          nicolae_letter_subblock, nicolae_letter_subblock,
          nicolae_letter_subblock, nicolae_letter_subblock,
          nicolae_letter_subblock, nicolae_letter_subblock,
          nicolae_letter_subblock, nicolae_letter_subblock,
          nicolae_letter_subblock, nicolae_letter_subblock,
          nicolae_letter_subblock, nicolae_letter_subblock,
          nicolae_letter_subblock, nicolae_letter_subblock,
          nicolae_letter_subblock, nicolae_letter_subblock,
          nicolae_letter_subblock, nicolae_letter_subblock,
          nicolae_letter_subblock, nicolae_letter_subblock,
          nicolae_letter_subblock, nicolae_letter_subblock]
D:10:     layout_gridville, amcnicky_altar_gilded, uniq_gastronok
D:11:     layout_stronghold, hellmonk_ghost_big_iron, uniq_grum
D:12:     layout_gridville, erik_orc_1
Temple:   eino_temple_water
Lair:1:   layout_regular_city, minivault_27, grunt_megastairs_1
Lair:2:   layout_chaotic_city, spider_nest_entry_rubble, serial_bayou_shore_b
Lair:3:   layout_regular_city, nicolae_shoals_entry_roost, uniq_rupert,
          uniq_sonja
Lair:4:   layout_long_grid, gammafunk_ghost_hive, serial_bayou_shore_a,
          serial_bayou_shore_b

Skill      XL: |  1  2  3  4  5  6  7  8  9 10 11 12 13 |
---------------+----------------------------------------+-----
Dodging        | 1 2 3 4 5 |  5.2
Armour         | 2 3 4 5 6 7 |  7.9
Spellcasting   | 1 2 3 4 5 6 7 |  7.4
Unarmed Combat | 1 2 3 4 5 6 7 |  7.7
Axes           | 3 4 5 6 7 8 |  8.1
Stealth        | 1 2 3 4 5 |  5.7
Fighting       | 4 5 6 7 8 9 |  9.0
Evocations     | 1 2 3 4 5 |  5.3
Necromancy     | 2 4 5 6 7 8 |  8.1
Staves         | 1 2 3 4 |  4.6
Hexes          | 1 2 3 4 |  4.1
Throwing       | 1 2 |  2.2

Action                     |  1- 3 |  4- 6 |  7- 9 | 10-12 | 13-15 || total
---------------------------+-------+-------+-------+-------+-------++-------
  Melee: Hand axe          |    69 |   179 |   308 |   961 |       ||  1517
         Bite              |       |       |       |    80 |     3 ||    83
         Executioner's axe |       |       |       |    45 |    87 ||   132
   Cast: Slow              |       |       |       |     3 |     1 ||     4
         Confusing Touch   |       |       |       |     4 |       ||     4
         Vampiric Draining |       |       |       |       |     5 ||     5
  Evoke: Wand              |       |       |    16 |     6 |     2 ||    24
    Use: Scroll            |       |    11 |     6 |     6 |     4 ||    27
         Potion            |       |     1 |    14 |     5 |     3 ||    23
   Stab: Sleeping          |     4 |     3 |     5 |     5 |     1 ||    18
         Petrified         |       |     2 |     2 |       |       ||     4
         Paralysed         |       |     5 |     3 |     1 |       ||     9
         Distracted        |       |     1 |       |     8 |     1 ||    10
         Confused          |       |       |     8 |    28 |       ||    36
         Petrifying        |       |       |     2 |     1 |       ||     3
         Invisible         |       |       |       |     6 |       ||     6
 Armour: Leather armour    |    43 |   100 |    84 |       |       ||   227
         Acid dragon scale |       |       |   159 |   919 |   106 ||  1184
         Skin              |       |       |    41 |       |       ||    41
  Dodge: Dodged            |    37 |   101 |   195 |   773 |    75 ||  1181
  Block: Other             |       |    23 |    54 |   198 |    21 ||   296

Table legend: (Time is in decaauts)
 A = Elapsed time spent in this place.
 B = Non-inter-level travel time spent in this place.
 C = Inter-level travel time spent in this place.
 D = Time resting spent in this place.
 E = Time spent auto-exploring this place.
 F = Levels seen in this place.
 G = Mean time per level.
                   A        B        C        D        E       F      G
               +--------+--------+--------+--------+--------+-----+--------+
         Total |  17648 |  16709 |    939 |    413 |  12727 |  17 | 1038.1 |
       Dungeon |  14450 |  13678 |    772 |    215 |  10458 |  12 | 1204.2 |
        Temple |     69 |     69 |      0 |      0 |     68 |   1 |   69.0 |
          Lair |   3127 |   2961 |    166 |    198 |   2201 |   4 |  781.8 |
               +--------+--------+--------+--------+--------+-----+--------+

Top non-repeatable levels by time:
    D:11: 1790 daAuts
     D:8: 1639 daAuts
     D:9: 1637 daAuts
     D:6: 1542 daAuts
    D:10: 1410 daAuts
  Lair:3: 1349 daAuts
     D:7: 1181 daAuts
     D:3: 1102 daAuts
     D:4: 1076 daAuts
    D:12: 975 daAuts
  Lair:1: 957 daAuts
     D:5: 832 daAuts
  Lair:2: 818 daAuts
     D:1: 647 daAuts
     D:2: 615 daAuts
